 Dungeon Sprint DCSS version 0.31-a0-164-g2312942fda (webtiles) character file.

Game seed: 11950057013887455339

996 dialectric the Protected (level 8, -6/56 HPs)
             Began as a Gargoyle Fighter on June 14, 2023.
             Mangled by a boulder beetle (8 damage)
             ... in the Dungeon (Sprint II: "The Violet Keep of Menkaure").
             The game lasted 00:01:16 (160 turns).

dialectric the Protected (Gargoyle Fighter)          Turns: 160, Time: 00:01:17

Health: -6/56      AC: 14    Str: 17    XL:     8   Next: 19%
Magic:  7/7        EV: 10    Int:  6    God:
Gold:   729        SH:  6    Dex: 11    Spells: 7/7 levels left

rFire   . . .        a - +0 long sword
rCold   . . .        c - +0 buckler
rNeg    + . .        b - +0 scale mail
rPois   ∞            (no helmet)
rElec   +            (no cloak)
rCorr   .            (no gloves)
SInv    .            (no boots)
Will    .....        (no amulet) Stlth
                     (no ring)
HPRegen 0.29/turn    (no ring)
MPRegen 0.10/turn

%: no teleportation
@: no status effects
A: sickness immunity, AC +5, negative energy resistance 1, electricity
resistance, torment resistance 1, petrification resistance, dopey 1, low MP 1,
weak 2, no potion heal 1
a: no special abilities


You were in the Dungeon.
You visited 1 branch You collected 729 gold pieces.

Inventory:

Hand Weapons
 a - a +0 long sword (weapon)
Armour
 b - a +0 scale mail (worn)
 c - a +0 buckler (worn)
Scrolls
 j - a scroll of blinking
Potions
 g - a potion of haste
 h - 2 potions of magic


   Skills:
 + Level 9.3 Fighting
 * Level 9.7 Long Blades
 + Level 9.9 Armour
 + Level 2.0 Dodging
 - Level 9.0 Shields


You had 7 spell levels left.
You didn't know any spells.
Your spell library was empty.

Dungeon Overview and Level Annotations

Branches:
Dungeon (1/1)

Altars:

Annotations:
D Roxanne


Innate Abilities, Weirdness & Mutations

You are immune to sickness and miasma.
Your stone body is resilient. (AC +5)
You are immune to poison.
You resist negative energy. (rN+)
You are resistant to electric shocks. (rElec)
You are resistant to unholy torment.
You are immune to petrification.
You are dopey. (Int -2)
Your magical capacity is low. (-10% MP)
You are very weak. (Str -4)
Potions are less effective at restoring your health.


Message History

You closely miss the neqoxec.
The neqoxec is severely wounded.
The neqoxec hits you but does no damage.
You hit the neqoxec but do no damage.
The neqoxec is severely wounded.
The neqoxec barely misses you.
You hit the neqoxec.
The neqoxec is severely wounded.
The neqoxec gestures at you.
Strange energies course through your body.
You barely miss the neqoxec.
The neqoxec is severely wounded.
The neqoxec hits you.
You hit the neqoxec but do no damage.
The neqoxec is severely wounded.
You slash the neqoxec!
The neqoxec is almost dead.
The neqoxec hits you but does no damage.
You hit the neqoxec but do no damage.
The neqoxec is almost dead.
The neqoxec misses you.
You hit the neqoxec.
You kill the neqoxec!
Your Dodging skill increases to level 2!
There is an open door, spattered with blood here.
You see here a wyvern corpse.
There is a staircase leading out of the dungeon here.
As you open the door, it creaks loudly!
The boulder beetle curls into a ball and begins rolling! x2
The boulder beetle hits you!
* * * LOW HITPOINT WARNING * * *
The boulder beetle stops rolling and uncurls.
The boulder beetle hits you but does no damage.
The boulder beetle stops rolling and uncurls.
There is an open door here.
You hit the boulder beetle but do no damage.
The boulder beetle bites you.
* * * LOW HITPOINT WARNING * * *
The boulder beetle bites you!
You die...

#~~~~.##'##.~#
#~~~~##.#.##~####
#~~~~#†###.#....#
#~~####.#.####~.##
#~##. ##†###.##..#
#~#..###.###..#..#
#††.<.'##.'..#
#..###.##.#.#....#
##.
#@###.##......~ ##
#B#B####~~.....~#
#.. .°# ~~~~~..~#
##. .## ~~~~~~.~#
## ## ~≈≈≈~~~~~#
≈≈≈≈~~~


You could see 2 boulder beetles.

Vanquished Creatures
  2 wyverns (D)
  3 neqoxecs (D)
  A water moccasin (D)
  4 scorpions (D)
10 creatures vanquished.

Notes
Turn   | Place    | Note
-------+----------+-------------------------------------------
     0 | D        | dialectric the Gargoyle Fighter began the quest for the
                  | Orb.
     0 | D        | Reached XP level 1. HP: 14/14 MP: 1/1
     1 | D        | Noticed a scorpion
     1 | D        | Noticed a scorpion
     8 | D        | Killed a scorpion
     9 | D        | Reached skill level 5 in Fighting
     9 | D        | Reached skill level 5 in Armour
     9 | D        | Reached skill level 5 in Shields
     9 | D        | Reached XP level 2. HP: 20/21 MP: 2/2
     9 | D        | Reached XP level 3. HP: 24/26 MP: 3/3
     9 | D        | Reached XP level 4. HP: 29/31 MP: 4/4
    17 | D        | Killed a scorpion
    18 | D        | Reached XP level 5. HP: 37/37 MP: 5/5
    41 | D        | Reached XP level 6. HP: 26/44 MP: 6/6
    44 | D        | Noticed a neqoxec
    50 | D        | Gained mutation: Your magical capacity is low. (-10% MP) [a
                  | neqoxec]
    51 | D        | Noticed a neqoxec
    55 | D        | Gained mutation: You are dopey. (Int -2) [a neqoxec]
    59 | D        | Killed a neqoxec
    60 | D        | Reached skill level 1 in Dodging
    62 | D        | Gained mutation: You are weak. (Str -2) [a neqoxec]
    64 | D        | Gained mutation: You are very weak. (Str -4) [a neqoxec]
    68 | D        | Killed a neqoxec
    69 | D        | Reached XP level 7. HP: 50/50 MP: 6/6
    79 | D        | Noticed a wyvern
    79 | D        | Noticed a wyvern
    86 | D        | Killed a wyvern
    93 | D        | Killed a wyvern
    99 | D        | Noticed Roxanne
   100 | D        | Noticed a neqoxec
   108 | D        | Reached XP level 8. HP: 28/56 MP: 7/7
   112 | D        | Noticed a boulder beetle
   112 | D        | Noticed a boulder beetle
   131 | D        | Noticed a wyvern
   139 | D        | Gained mutation: Potions are less effective at restoring
                  | your health. [a neqoxec]
   160 | D        | HP: 2/56 [boulder beetle (6)]
   160 | D        | Mangled by a boulder beetle

Illustrated notes

Levels and vault maps discovered:
D:        the_violet_keep_of_menkaure [sprint2_stairs_cluster_1,
          sprint2_shoproom, sprint2_temple, sprint2_basic_supplies,
          sprint2_obstacle_3, sprint2_obstacle_1, sprint2_obstacle_6,
          sprint2_obstacle_2, sprint2_obstacle_5, sprint2_timed_cluster_1,
          sprint2_smallroom_cluster_1, sprint2_smallroom_final_cluster_1,
          sprint2_transparent_cluster_1, sprint2_second_timed_cluster_1,
          sprint2_sniper_area_1, sprint2_heavy_combat_area_1,
          sprint2_mutation_trap_area_1, sprint2_forest_area_1,
          sprint2_light_combat_area_1, sprint2_behind_water_1,
          sprint2_near_end_vault_1]

Skill      XL: |  1  2  3  4  5  6  7  8 |
---------------+-------------------------+-----
Fighting       | 5 6 7 8 9 |  9.3
Long Blades    | 2 3 4 7 9 |  9.7
Armour         | 5 6 7 8 9 |  9.9
Shields        | 5 6 7 8 9 |  9.0
Dodging        | 1 2 |  2.0

Action                     |  1- 3 |  4- 6 |  7- 9 || total
---------------------------+-------+-------+-------++-------
  Melee: Long sword        |     6 |    48 |    33 ||    87
    Use: Potion            |     1 |     3 |       ||     4
 Armour: Scale mail        |     5 |    15 |    17 ||    37
  Dodge: Dodged            |     3 |    17 |    17 ||    37
  Block: Buckler           |       |    11 |     7 ||    18

Table legend: (Time is in decaauts)
 A = Elapsed time spent in this place.
 B = Non-inter-level travel time spent in this place.
 C = Inter-level travel time spent in this place.
 D = Time resting spent in this place.
 E = Time spent auto-exploring this place.
 F = Levels seen in this place.
 G = Mean time per level.
                   A        B        C        D        E       F      G
               +--------+--------+--------+--------+--------+-----+--------+
         Total |    178 |    178 |      0 |      0 |      0 |   1 |  178.0 |
       Dungeon |    178 |    178 |      0 |      0 |      0 |   1 |  178.0 |
               +--------+--------+--------+--------+--------+-----+--------+

Top non-repeatable levels by time:
       D: 178 daAuts
